AoeStats
← zack

Arena

512637736Analyzed
2v2 RM · 7d ago on Oct 10, 2026· 34m 9s· 4 players
Game mode
Random Map
Map size
Medium (4 player)
Population
200
Speed
Normal
Resources
Standard
Victory
Conquest
Starting age
Dark Age
Ending age
Imperial Age
RankedLock teamsTeams togetherTeam positionsShared explorationLock speedFull tech treeHidden civsTurbo modeCheats
Victory
Defeat
🇹🇷 Persians · Türkiye
1187
+13
🇹🇷 Turks · Türkiye
1170
+14
vs
🇨🇳 Italians · China
1128
-14
🇨🇳 Khmer · China
1111
-13
zack
10:48 Feudal Age
12:49 Double-Bit Axe
16:01 Castle Age
14:17 Horse Collar
17:15 Heavy Plow
18:02 Bow Saw
18:26 Gold Mining
23:25 Stone Mining
25:50 Padded Archer Armor
28:30 Imperial Age
26:50 Stone Shaft Mining
27:00 Scale Mail Armor
28:51 Wheelbarrow
28:03 Loom
28:04 Town Watch
30:28 Chain Mail Armor
30:59 Squires
Longlonglong
11:57 Feudal Age
15:38 Castle Age
13:52 Double-Bit Axe
13:50 Horse Collar
24:51 Stone Mining
25:30 Pikeman
29:05 Scale Barding Armor
29:11 Forging
29:44 Gold Mining
30:31 Stone Shaft Mining
33:26 Gold Shaft Mining
gandalftheblack
9:27 Feudal Age
12:50 Loom
15:10 Castle Age
13:09 Horse Collar
13:52 Double-Bit Axe
16:20 Bow Saw
16:14 Heavy Plow
18:08 Loom
20:44 Wheelbarrow
20:07 Town Watch
22:22 Hand Cart
25:28 Town Patrol
29:18 Imperial Age
27:34 Scale Barding Armor
27:40 Forging
27:24 Gold Mining
29:20 Gold Shaft Mining
30:00 Iron Casting
31:16 Two-Man Saw
30:50 Crop Rotation
30:07 Crossbowman
30:53 Thumb Ring
31:17 Bloodlines
31:07 Husbandry
31:13 Heavy Camel Rider
33:53 Chain Barding Armor
34:33 Blast Furnace
Endeavour
11:31 Feudal Age
12:58 Double-Bit Axe
15:36 Castle Age
13:18 Horse Collar
23:41 Imperial Age
22:22 Loom
23:48 Town Watch
24:26 Padded Archer Armor
24:49 Loom
25:46 Wheelbarrow
26:44 Leather Archer Armor
28:24 Ring Archer Armor
30:48 Town Patrol
30:51 Fletching
Connection lost

Rejoining the realm…

Still unreachable

The connection could not be restored.

Session expired

The server has moved on; the page needs a fresh start.